 Dungeon Crawl Stone Soup version 0.31-a0-233-g139696dc86 (webtiles) character file.

Game seed: 9537040077940747520

49 Shard1697 the Magician (level 4, -3/33 HPs)
             Began as a Djinni Summoner on July 8, 2023.
             Splashed by a jelly's acid (7 damage)
             ... on level 5 of the Dungeon.
             The game lasted 00:02:19 (1975 turns).

Shard1697 the Magician (Djinni Summoner)            Turns: 1975, Time: 00:02:20

Health: -3/33      AC: -1    Str:  7    XL:     4   Next: 2%
Gold:   238        EV: 12    Int: 18    God:
                   SH:  0    Dex: 14

rFire   + + .        j - +0 spear
rCold   x . .        (no shield)
rNeg    . . .        a - +0 robe
rPois   ∞            (no helmet)
rElec   .            i - +0 cloak
rCorr   .            (no gloves)
SInv    .            (boots unavailable)
Will    .....        (no amulet)
Stlth   ++           (no ring)
HPRegen 0.25/turn    (no ring)
MPRegen 0.00/turn

%: infuse magic (-4 HP)
@: corroded, flying
A: sickness immunity, fire resistance 2, cold vulnerability 1, float, innate
caster, HP casting, extra vitality 1
a: no special abilities


You were on level 5 of the Dungeon.
You visited 1 branch of the dungeon, and saw 5 of its levels.

You collected 238 gold pieces.

Inventory:

Hand Weapons
 j - a +0 spear (weapon)
Armour
 a - a +0 robe (worn)
 i - a +0 cloak (worn)
Scrolls
 b - 3 scrolls of identify {unknown}
 e - a scroll of fear {unknown}
 g - 2 scrolls of blinking {unknown}
 h - 2 scrolls of fog {unknown}
Potions
 c - a potion of enlightenment {unknown}
 d - a potion of magic {unknown}
 f - a potion of mutation {unknown}
 k - a potion of degeneration {unknown}
 l - a potion of attraction {unknown}
 m - a potion of cancellation {unknown}


   Skills:
 + Level 2.1 Fighting
 - Level 2.1 Dodging
 - Level 1.5 Stealth
 + Level 3.8 Spellcasting
 + Level 3.8 Conjurations
 + Level 3.8 Hexes
   Level 0.0 Charms
 + Level 3.8 Summonings
 + Level 3.8 Necromancy
 + Level 3.8 Translocations
 + Level 3.8 Transmutations
 + Level 3.8 Fire Magic
 + Level 3.8 Ice Magic
 + Level 3.8 Air Magic
 + Level 3.8 Earth Magic
 + Level 3.8 Poison Magic


You knew the following spells:

 Your Spells              Type           Power      Damage    Failure   Level
a - Summon Small Mammal   Summ           68%        N/A       3%          1
b - Call Imp              Summ           34%        N/A       4%          2
d - Summon Guardian Gole  Hex/Summ       17%        N/A       10%         3
e - Summon Lightning Spi  Summ/Air       17%        N/A       30%         4
f - Freeze                Ice            68%        1d8       3%          1
t - Call Canine Familiar  Summ           17%        N/A       10%         3
Your spell library was empty.

Dungeon Overview and Level Annotations

Branches:
Dungeon (6/15)
 Temple: D:4-7

Altars:
Ashenzari


Innate Abilities, Weirdness & Mutations

You are immune to sickness and miasma.
You are immune to poison.
Your flesh is very heat resistant. (rF++)
You are vulnerable to cold. (rC-)
You float through the air rather than walking.
You learn spells naturally, not from books.
Your magical power is your life essence.
You have superior vitality. (+4 MHP)


Message History

Your cerulean imp hits the jelly with a -3 spear.
Your cerulean imp is burned by acid!
The jelly attacks as you move away! The jelly hits you.
You are splashed with acid.
The jelly barely misses your cerulean imp.
Your cerulean imp hits the jelly with a -3 spear.
Your cerulean imp is burned by acid!
Reach: j) +0 spear
Press: ? - help, Dir - move target, f/p - jelly
Aim: a jelly (heavily wounded, ally target, about 10% to evade your +0 spear)
You reach to attack!
You hit the jelly.
The jelly is severely wounded.
The jelly hits your cerulean imp.
Your cerulean imp is splashed with acid.
The acid corrodes your cerulean imp!
Your cerulean imp dies!
Your cerulean imp disappears in a puff of smoke!
The jelly attacks as you move away! The jelly barely misses you.
Casting: Call Imp (safe; 4% risk of failure)
Confirm with . or Enter, or press ? or * to list all spells.
A tiny devil pulls itself out of the air.
The jelly barely misses you.
Reach: j) +0 spear
Press: ? - help, Dir - move target, f/p - jelly
Aim: a jelly (severely wounded, ally target, about 10% to evade your +0 spear)
You barely miss the jelly.
The jelly is severely wounded.
Your cerulean imp hits the jelly with a -3 spear.
Your cerulean imp is burned by acid!
The jelly barely misses you.
Reach: j) +0 spear
Press: ? - help, Dir - move target, f/p - jelly
Aim: a jelly (almost dead, ally target, about 10% to evade your +0 spear)
You hit the jelly.
Your hands burn!
* * * LOW HITPOINT WARNING * * *
The jelly is almost dead.
The jelly hits you.
* * * LOW HITPOINT WARNING * * *
You are splashed with acid!
You die...

. ......# .. ##.....#
..####.>.#..
..........## # #.
#..$....#.# .. #.
#........# ..# #.#
##.......#.# #..###.#
#.......## ..
#.....###.@J#..## #..
#......#..5....#
..###........###...#
...#........## ..#.#
#........## ...#..#
##........####..##.##
#...............#
...###..........#
###.....#####..


You could see a jelly (ally target) and a friendly cerulean imp (summoned).

Vanquished Creatures
  An adder (D:3)
  An ufetubus (D:5)
  3 ball pythons
  An endoplasm (D:2)
  A giant cockroach (D:2)
  4 hobgoblins
  2 kobolds (D:2)
  A quokka (D:2)
  2 bats (D:1)
  2 rats
18 creatures vanquished.

Vanquished Creatures (collateral kills)
  An adder (D:3)
  A nameless horror (D:2)
  A bat (D:1)
  A goblin (D:1)
  2 hobgoblins (D:1)
  A rat (D:1)
7 creatures vanquished.

Grand Total: 25 creatures vanquished

Notes
Turn   | Place    | Note
-------+----------+-------------------------------------------
     0 | D:1      | Shard1697 the Djinni Summoner began the quest for the Orb.
     0 | D:1      | Shard1697 set off with the following spells memorised:
                  | Summon Small Mammal, Call Imp, Call Canine Familiar, Summon
                  | Guardian Golem, Summon Lightning Spire.
     0 | D:1      | Reached XP level 1. HP: 15/15 MP: 0/0
   307 | D:1      | Reached XP level 2. HP: 22/22 MP: 0/0
   415 | D:1      | Reached skill level 1 in Fighting
  1023 | D:2      | Reached XP level 3. HP: 27/27 MP: 0/0
  1023 | D:2      | Learned a level 1 spell: Freeze
  1748 | D:3      | Found a broken altar of Ashenzari.
  1848 | D:3      | You are sucked into a shaft and drop 3 floors!
  1853 | D:5      | Entered Level 5 of the Dungeon
  1862 | D:5      | Reached XP level 4. HP: 11/33 MP: 0/0
  1975 | D:5      | Splashed by a jelly's acid

Illustrated notes

Levels and vault maps discovered:
D:1:      evilmike_arrival_rings, layout_loops_ring
D:2:      layout_loops_corners
D:3:      layout_loops_corners, amcnicky_altar_gilded, patterned_corridor
D:5:      layout_layer_cave, uniq_grinder, uniq_menkaure
D:6:      layout_cave_pools, lemuel_doored_altar, nzn_wu_jian_council_hall,
          nicolae_hexahallways

Skill      XL: |  1  2  3 |
---------------+----------+-----
Fighting       | 1 2 |  2.1
Dodging        | |  2.1
Stealth        | |  1.5
Spellcasting   | |  3.8
Conjurations   | |  3.8
Hexes          | |  3.8
Summonings     | |  3.8
Necromancy     | |  3.8
Translocations | |  3.8
Transmutations | |  3.8
Fire Magic     | |  3.8
Ice Magic      | |  3.8
Air Magic      | |  3.8
Earth Magic    | |  3.8
Poison Magic   | |  3.8

Action                     |  1- 3 |  4- 6 || total
---------------------------+-------+-------++-------
  Melee: Spear             |    78 |     5 ||    83
         Club              |    12 |       ||    12
   Cast: Summon Small Mamm |    11 |       ||    11
         Call Canine Famil |     2 |       ||     2
         Call Imp          |     1 |     2 ||     3
   Stab: Sleeping          |     4 |       ||     4
 Armour: Robe              |    35 |       ||    35
  Dodge: Dodged            |    80 |     3 ||    83

Table legend: (Time is in decaauts)
 A = Elapsed time spent in this place.
 B = Non-inter-level travel time spent in this place.
 C = Inter-level travel time spent in this place.
 D = Time resting spent in this place.
 E = Time spent auto-exploring this place.
 F = Levels seen in this place.
 G = Mean time per level.
                   A        B        C        D        E       F      G
               +--------+--------+--------+--------+--------+-----+--------+
         Total |   1984 |   1945 |     39 |    133 |   1467 |   5 |  396.8 |
       Dungeon |   1984 |   1945 |     39 |    133 |   1467 |   5 |  396.8 |
               +--------+--------+--------+--------+--------+-----+--------+

Top non-repeatable levels by time:
     D:2: 1011 daAuts
     D:1: 700 daAuts
     D:3: 145 daAuts
     D:5: 122 daAuts
     D:6: 4 daAuts
